Map: Distant Plane

Players

SYMBIOTE

  • Race: Zerg Zerg

RuggiFuma

  • Race: Protoss Protoss
  • League: Diamond

JohnMcClane - Winner!

  • Race: Protoss Protoss
  • League: Silver

Hindulaatti - Winner!

  • Race: Protoss Protoss
  • League: Diamond

VOD

Have the link to the VOD?

Description

Time

  • Played on: Jan. 20, 2016, 4:44 a.m.
  • Length: 20:31
Show
View Real Time Build Order
Export as new Build Order

SYMBIOTE Zerg 

Build Orders: Pool First 

Get SALT Encoding   

  12  0:03  Drone  
  13  0:13  Overlord  
  13  0:22  Drone  
  14  0:41  Drone x3  
  17  0:58  Drone  
  18  1:05  Spawning Pool  
  18  1:07  Drone  
  18  1:08  Extractor  
  17  1:25  Drone  
  18  1:26  Drone  
  19  1:35  Drone  
  19  1:38  Hatchery  
  19  1:46  Drone  
  20  1:51  Extractor  
  19  1:55  Queen  
  19  1:57  Drone  
  22  2:11  Overlord  
  22  2:21  Drone, Roach Warren  
  22  2:29  Drone  
  23  2:43  Drone  
  24  2:50  Drone  
  24  2:51  Drone  
  25  3:21  Roach x3  
  25  3:22  Roach  
  35  3:27  Roach  
  35  3:50  Hatchery  
  32  3:59  Overlord  
  32  4:18  Roach x3  
  38  4:53  Overlord x2  
  38  5:03  Queen  
  40  5:14  Lair  
  36  5:29  Drone  
  36  5:30  Drone x5  
  36  5:31  Drone x4  
  46  5:50  Roach  
  46  5:51  Roach  
  46  5:53  Ravager x2  
  46  5:55  Overlord x2  
  50  6:08  Roach  
  50  6:10  Overlord  
  52  6:15  Overseer  
  52  6:21  Burrow  
  52  6:22  Roach x3  
  52  6:23  Roach x2  
  62  6:39  Roach x3  
  64  7:00  Roach x6  
  76  7:06  Overlord x2  
  76  7:23  Overlord x3  
  76  7:35  Ravager x2  
  76  7:36  Ravager x4, Evolution Chamber  
  81  7:38  Roach x3  
  82  8:41  Drone x3  
  81  8:42  Drone x7  
  81  8:43  Drone x5  
  94  8:53  Roach  
  96  8:58  Zerg Melee Weapons Level 1  
  96  9:15  Extractor x2  
  94  9:18  Spine Crawler x2  
  94  9:22  Spine Crawler  
  91  9:27  Spine Crawler  
  91  9:28  Roach x2  
  91  9:29  Roach x8  
  110  9:40  Spine Crawler  
  110  9:41  Spine Crawler  
  67  10:02  Roach x5  
  67  10:03  Roach x4  
  74  10:19  Roach x2  
  78  10:37  Roach x4  
  86  10:54  Hatchery  
  85  10:59  Roach x8  
  85  11:03  Zerg Melee Weapons Level 2  
  101  11:11  Infestation Pit  
  100  11:18  Roach  
  100  11:19  Roach  
  89  11:47  Roach x3  
  89  11:48  Roach x3  
  96  12:19  Drone x7  
  96  12:20  Drone x2  
  101  13:12  Roach x5  
  111  13:13  Roach x2  
  83  13:32  Roach x3  
  83  13:33  Roach x5  
  66  13:45  Drone x3  
  69  13:48  Extractor  
  69  13:50  Extractor  
  67  13:58  Drone x3  
  67  13:59  Drone  
  67  14:00  Queen x2  
  77  14:07  Hive  
  77  14:08  Metabolic Boost  
  75  14:13  Zerg Ground Armor Level 1  
  67  14:21  Roach x4  
  75  14:29  Drone x2  
  75  14:30  Roach  
  75  14:31  Roach  
  81  14:55  Roach x6  
  81  14:56  Roach x2  
  97  15:03  Glial Reconstitution  
  97  15:16  Roach x3  
  97  15:17  Zergling x4, Roach  
  107  15:29  Roach x3  
  107  15:31  Ravager  
  107  15:33  Overlord x4  
  107  15:34  Overlord  
  114  15:52  Ravager x8  
  114  15:53  Ravager x2  
  126  15:57  Roach x6  
  126  15:59  Roach  
  126  16:03  Zergling x6  
  141  16:13  Zergling x6  
  141  16:14  Zergling x6  
  44  18:02  Roach x9  
  60  18:24  Roach x4  
  58  18:58  Hatchery  
  46  19:32  Roach x6  
  46  19:33  Roach x2  
  52  19:45  Extractor  
  49  19:46  Extractor  
Show
View Real Time Build Order
Export as new Build Order

RuggiFuma Protoss 

Build Orders: Blink Stalkers 

Get SALT Encoding   

  12  0:01  Probe (Chrono Boost)  
  13  0:11  Probe (Chrono Boost)  
  14  0:19  Pylon  
  14  0:25  Probe (Chrono Boost)  
  15  0:38  Probe (Chrono Boost)  
  16  0:48  Gateway, Probe (Chrono Boost)  
  17  0:59  Probe (Chrono Boost)  
  18  1:04  Gateway  
  18  1:09  Probe (Chrono Boost)  
  18  1:13  Assimilator  
  18  1:15  Assimilator  
  18  1:20  Probe (Chrono Boost)  
  19  1:30  Probe (Chrono Boost)  
  20  1:35  Cybernetics Core  
  20  1:41  Probe (Chrono Boost)  
  21  1:51  Pylon, Probe (Chrono Boost)  
  22  2:02  Probe (Chrono Boost)  
  23  2:09  Warp Gate  
  23  2:11  Pylon  
  23  2:13  Twilight Council  
  23  2:21  Stalker (Chrono Boost)  
  25  2:40  Mothership Core (Chrono Boost)  
  27  2:46  Pylon  
  27  2:58  Pylon  
  27  3:18  Stalker x2  
  31  3:29  Blink (Chrono Boost)  
  31  3:43  Nexus  
  31  3:53  Pylon  
  31  3:57  Pylon  
  30  4:22  Stalker x2  
  32  4:47  Stalker  
  32  4:48  Stalker  
  36  4:53  Gateway  
  36  4:55  Gateway  
  36  4:57  Robotics Facility  
  36  5:05  Probe  
  36  5:06  Probe  
  38  5:15  Probe  
  38  5:18  Probe  
  40  5:26  Probe  
  41  5:29  Assimilator  
  41  5:30  Probe  
  41  5:32  Assimilator  
  42  5:47  Stalker x2  
  46  5:51  Observer (Chrono Boost)  
  46  5:52  Probe  
  46  5:53  Probe  
  45  6:05  Mothership Core  
  45  6:06  Probe  
  48  6:15  Forge  
  48  6:16  Zealot x2  
  48  6:18  Probe  
  53  6:25  Probe  
  53  6:30  Zealot x2  
  51  7:00  Stalker x4  
  53  7:04  Immortal (Chrono Boost)  
  53  7:07  Probe  
  57  7:09  Probe  
  57  7:12  Dark Shrine  
  59  7:21  Photon Cannon  
  59  7:27  Photon Cannon  
  59  7:33  Probe (Chrono Boost)  
  60  7:37  Warp Prism (Chrono Boost)  
  60  7:39  Mothership Core (Chrono Boost)  
  64  7:45  Probe (Chrono Boost)  
  65  7:54  Probe (Chrono Boost)  
  65  8:11  Observer (Chrono Boost)  
  66  8:44  Protoss Ground Weapons Level 1 (Chrono Boost)  
  66  8:49  Probe  
  67  8:57  Dark Templar x2  
  70  9:03  Dark Templar  
  72  9:12  Dark Templar  
  71  9:47  Immortal  
  71  9:50  Stalker x4  
  65  10:21  Immortal  
  65  10:26  Stalker x2  
  65  10:27  Stalker x2  
  65  10:28  Nexus  
  77  10:36  Nexus  
  77  10:37  Pylon  
  77  10:41  Pylon  
  77  10:51  Pylon, Stalker x4  
  77  10:54  Pylon  
  85  10:57  Observer  
  85  10:59  Protoss Ground Weapons Level 2 (Chrono Boost)  
  86  11:08  Gateway  
  86  11:09  Gateway  
  86  11:13  Gateway  
  86  11:17  Robotics Bay  
  86  11:23  Assimilator  
  86  11:27  Assimilator  
  86  11:34  Assimilator  
  86  11:37  Assimilator  
  86  11:40  Photon Cannon  
  86  11:44  Photon Cannon  
  84  11:54  Photon Cannon  
  84  11:56  Zealot x2  
  84  11:57  Zealot x2  
  84  11:58  Photon Cannon  
  92  12:22  Probe x2 (Chrono Boost)  
  93  12:24  Probe (Chrono Boost)  
  95  12:33  Probe x2 (Chrono Boost)  
  95  12:36  Probe (Chrono Boost)  
  99  12:44  Probe (Chrono Boost)  
  99  12:49  Probe (Chrono Boost)  
  90  13:10  Immortal  
  89  13:26  Stalker x5  
  89  13:27  Stalker x2  
  99  13:32  Probe x2 (Chrono Boost)  
  102  13:35  Probe (Chrono Boost)  
  102  13:46  Immortal (Chrono Boost)  
  106  14:02  Extended Thermal Lance (Chrono Boost)  
  106  14:10  Robotics Facility  
  104  14:21  Observer  
  105  14:24  Zealot  
  105  14:25  Zealot x5  
  117  14:51  Pylon  
  117  14:52  Protoss Ground Weapons Level 3 (Chrono Boost)  
  117  14:54  Pylon  
  117  14:56  Pylon  
  117  14:58  Pylon  
  117  15:06  Colossus (Chrono Boost)  
  123  15:20  Colossus (Chrono Boost)  
  123  15:21  Nexus  
  129  15:45  Charge (Chrono Boost)  
  129  15:52  Zealot  
  129  15:53  Zealot x4  
  129  15:54  Zealot  
  129  15:56  Warp Prism  
  143  16:11  Pylon  
  141  16:27  Zealot x4  
  147  16:59  Zealot x2  
  147  17:00  Zealot x5  
  158  17:44  Pylon  
  158  17:46  Pylon  
  158  17:49  Pylon  
  158  17:51  Pylon  
  158  17:57  Colossus  
  157  18:05  Pylon  
  161  18:07  Colossus  
  161  18:08  Pylon  
  161  18:09  Pylon  
  161  18:11  Pylon  
  94  18:53  Colossus  
  88  18:58  Zealot x2  
  88  18:59  Zealot x5  
  88  19:00  Colossus  
  78  19:24  Stalker x2  
  78  19:25  Stalker x5  
  104  20:06  Nexus  
  97  20:17  Nexus  
Show
View Real Time Build Order
Export as new Build Order

JohnMcClane Protoss - Winner!

Build Orders:  

Get SALT Encoding   

  12  0:01  Probe (Chrono Boost)  
  13  0:11  Probe (Chrono Boost)  
  14  0:19  Pylon  
  14  0:23  Probe (Chrono Boost)  
  15  0:38  Forge  
  15  0:40  Probe (Chrono Boost)  
  16  0:51  Probe (Chrono Boost)  
  17  1:01  Probe (Chrono Boost)  
  18  1:12  Probe (Chrono Boost)  
  19  1:22  Probe (Chrono Boost)  
  19  1:23  Pylon  
  20  1:28  Gateway  
  20  1:38  Probe (Chrono Boost)  
  21  1:46  Assimilator  
  21  2:03  Nexus  
  21  2:07  Pylon  
  21  2:27  Cybernetics Core  
  21  2:28  Probe (Chrono Boost)  
  21  2:31  Photon Cannon  
  21  2:34  Photon Cannon  
  21  2:38  Probe (Chrono Boost)  
  22  2:49  Probe (Chrono Boost)  
  23  2:53  Pylon  
  23  2:55  Photon Cannon  
  22  3:07  Probe (Chrono Boost)  
  23  3:17  Probe (Chrono Boost)  
  24  3:23  Photon Cannon  
  24  3:25  Probe (Chrono Boost)  
  25  3:28  Probe (Chrono Boost), Warp Gate  
  25  3:29  Assimilator  
  26  3:35  Probe (Chrono Boost)  
  26  3:38  Assimilator, Probe (Chrono Boost)  
  28  3:52  Probe x2 (Chrono Boost)  
  30  4:02  Probe (Chrono Boost)  
  31  4:03  Probe (Chrono Boost)  
  31  4:09  Pylon  
  32  4:13  Probe x2 (Chrono Boost)  
  34  4:23  Probe (Chrono Boost)  
  34  4:24  Probe (Chrono Boost)  
  36  4:34  Probe (Chrono Boost)  
  37  4:40  Photon Cannon  
  37  4:41  Mothership Core (Chrono Boost), Photon Cannon  
  37  4:45  Pylon  
  39  4:56  Probe (Chrono Boost)  
  40  5:05  Probe (Chrono Boost)  
  41  5:09  Probe (Chrono Boost)  
  42  5:15  Probe (Chrono Boost)  
  42  5:19  Probe (Chrono Boost)  
  44  5:24  Assimilator  
  44  5:26  Probe (Chrono Boost)  
  44  5:28  Protoss Ground Weapons Level 1 (Chrono Boost)  
  45  5:32  Gateway  
  45  5:34  Gateway  
  45  5:36  Gateway  
  45  5:41  Probe  
  46  5:53  Twilight Council  
  46  5:55  Pylon  
  46  6:04  Pylon  
  46  6:07  Stalker  
  48  6:28  Stalker x2  
  52  6:35  Stalker  
  52  6:36  Stalker  
  52  6:37  Blink (Chrono Boost)  
  56  6:53  Stalker  
  56  6:54  Stalker  
  60  6:58  Protoss Ground Armor Level 1 (Chrono Boost)  
  60  7:04  Stalker  
  60  7:05  Stalker  
  64  7:20  Stalker  
  64  7:21  Stalker  
  68  7:27  Pylon  
  68  7:32  Stalker x2  
  72  7:41  Pylon  
  72  7:46  Stalker x2  
  76  8:00  Nexus  
  76  8:03  Pylon  
  76  8:06  Stalker  
  78  8:17  Stalker x2  
  82  8:29  Forge  
  82  8:31  Pylon  
  82  8:32  Stalker  
  84  8:48  Stalker  
  86  8:56  Assimilator  
  86  9:04  Assimilator  
  86  9:06  Photon Cannon  
  86  9:08  Stalker x3  
  92  9:13  Photon Cannon  
  92  9:29  Robotics Facility  
  92  9:35  Stalker x2  
  92  9:37  Protoss Ground Armor Level 2  
  62  10:10  Stalker x2  
  62  10:11  Stalker x2  
  64  10:24  Gateway  
  64  10:25  Warp Prism (Chrono Boost)  
  66  10:32  Probe x2  
  66  10:33  Probe  
  69  10:44  Probe  
  69  10:45  Stalker  
  69  10:46  Stalker x3  
  69  10:48  Protoss Ground Weapons Level 2  
  78  11:26  Stalker x2  
  78  11:27  Zealot x2  
  78  11:48  Zealot x3  
  82  11:55  Zealot x2  
  68  12:16  Stalker x5  
  78  12:27  Templar Archives  
  78  12:48  Zealot x2, Sentry  
  78  12:49  Sentry x2  
  72  13:13  Zealot x2  
  72  13:14  Zealot x3  
  67  13:33  Probe  
  61  13:35  Probe  
  63  13:51  Twilight Council  
  63  13:59  Pylon, Nexus  
  63  14:02  High Templar x4, Pylon  
  71  14:03  High Templar  
  71  14:04  Pylon  
  71  14:09  Archon x2  
  73  14:11  Pylon  
  73  14:22  Observer (Chrono Boost)  
  74  14:25  Nexus  
  74  14:29  Pylon  
  74  14:35  Probe  
  74  14:36  Probe  
  74  14:37  Assimilator  
  74  14:38  Psionic Storm  
  76  14:52  High Templar x5  
  86  15:00  Gateway  
  86  15:03  Assimilator  
  86  15:04  Archon  
  86  15:05  Archon  
  86  15:06  Archon  
  86  15:10  Assimilator  
  86  15:15  Charge (Chrono Boost)  
  86  15:27  Dark Shrine  
  86  15:35  Probe  
  86  15:37  Probe  
  86  15:38  Probe  
  86  15:41  Stalker  
  86  15:42  Stalker  
  93  15:48  Protoss Ground Armor Level 3  
  93  15:50  Protoss Ground Weapons Level 3  
  93  15:57  Assimilator  
  93  16:02  Assimilator  
  93  16:05  High Templar x4, Observer  
  102  16:17  Stalker  
  102  16:26  Gateway  
  102  16:27  Archon  
  102  16:42  Dark Templar  
  102  16:43  Dark Templar x3  
  102  16:46  Gateway  
  110  16:58  Dark Templar  
  96  17:18  Dark Templar x4  
  92  17:31  Probe  
  93  17:41  Probe  
  93  17:42  Pylon  
  91  17:52  Probe  
  88  18:20  Probe x2  
  88  18:21  High Templar x3  
  88  18:22  High Templar  
  98  18:32  Probe  
  75  18:53  Dark Templar  
  75  18:54  Stalker, Dark Templar x2  
  75  18:55  Stalker x2  
  66  19:22  Archon  
  60  19:25  Stalker, Dark Templar x2  
  57  19:39  Pylon  
  57  19:40  Pylon  
  54  19:47  Dark Templar x2  
  58  19:59  Archon  
  54  20:03  High Templar x4  
  61  20:07  Archon  
  61  20:08  Archon  
  53  20:16  Zealot  
Show
View Real Time Build Order
Export as new Build Order

Hindulaatti Protoss - Winner!

Build Orders: Mass Adepts 

Get SALT Encoding   

  12  0:03  Probe (Chrono Boost)  
  13  0:13  Probe (Chrono Boost)  
  14  0:20  Pylon  
  14  0:24  Probe (Chrono Boost)  
  15  0:38  Probe (Chrono Boost)  
  15  0:41  Gateway  
  16  0:47  Assimilator  
  16  0:49  Probe (Chrono Boost)  
  17  1:00  Probe (Chrono Boost)  
  18  1:11  Probe (Chrono Boost)  
  19  1:13  Pylon  
  19  1:29  Cybernetics Core  
  19  1:32  Probe (Chrono Boost)  
  20  1:43  Probe (Chrono Boost)  
  21  1:51  Gateway  
  21  1:54  Pylon  
  21  1:56  Probe (Chrono Boost)  
  22  2:05  Warp Gate (Chrono Boost)  
  22  2:06  Probe (Chrono Boost)  
  22  2:07  Gateway  
  23  2:13  Gateway  
  23  2:17  Probe (Chrono Boost)  
  23  2:22  Adept  
  26  2:35  Probe (Chrono Boost)  
  27  2:38  Adept  
  29  2:45  Probe (Chrono Boost)  
  30  2:53  Pylon  
  30  2:55  Adept  
  30  2:57  Probe  
  33  3:01  Adept  
  35  3:07  Adept  
  35  3:11  Adept  
  39  3:18  Pylon  
  39  3:28  Probe  
  40  3:38  Gateway  
  40  3:40  Probe  
  41  3:43  Pylon  
  41  3:45  Adept  
  43  4:00  Adept x3  
  49  4:22  Stalker x3  
  41  4:46  Stalker x4  
  41  4:54  Gateway  
  41  4:55  Gateway  
  41  4:57  Stalker  
  41  4:58  Robotics Facility  
  41  4:59  Pylon  
  43  5:13  Stalker  
  43  5:14  Stalker x2  
  49  5:17  Stalker  
  51  5:22  Stalker  
  53  5:38  Stalker  
  53  5:39  Stalker x2  
  59  5:48  Stalker x2  
  63  6:04  Nexus  
  63  6:05  Pylon  
  63  6:08  Stalker  
  63  6:15  Pylon  
  63  6:22  Pylon  
  63  6:24  Stalker  
  65  6:32  Warp Prism  
  67  6:33  Stalker x4  
  67  6:58  Stalker x3  
  65  7:04  Probe  
  66  7:11  Assimilator  
  66  7:16  Probe  
  66  7:22  Adept x3  
  71  7:23  Adept  
  71  7:26  Observer, Probe  
  71  7:29  Probe  
  78  7:36  Probe  
  79  7:47  Probe  
  79  7:48  Probe  
  79  7:50  Twilight Council  
  81  7:57  Probe  
  81  8:00  Probe  
  83  8:11  Adept x5  
  83  8:33  Blink (Chrono Boost)  
  83  8:36  Stalker  
  81  8:48  Assimilator  
  75  8:50  Assimilator  
  75  9:09  Stalker x3  
  71  9:28  Pylon, Nexus  
  71  9:32  Observer (Chrono Boost)  
  68  9:51  Stalker x6  
  68  9:52  Stalker  
  41  10:17  Stalker x4  
  49  10:25  Probe  
  49  10:27  Probe  
  51  10:34  Adept  
  53  10:36  Probe  
  53  10:39  Probe x2  
  56  10:47  Probe  
  56  10:49  Probe  
  57  10:51  Probe  
  59  10:57  Probe  
  59  11:00  Probe  
  61  11:04  Assimilator  
  61  11:05  Stalker x3  
  61  11:08  Probe  
  61  11:10  Probe  
  68  11:12  Resonating Glaives (Chrono Boost)  
  69  11:21  Probe  
  69  11:22  Robotics Bay  
  70  11:28  Assimilator  
  70  11:31  Probe  
  65  11:51  Stalker x5  
  65  11:52  Stalker x2  
  75  11:55  Immortal  
  75  11:56  Probe  
  80  12:07  Probe  
  80  12:15  Stalker x6  
  93  12:17  Probe  
  93  12:35  Stalker  
  95  12:40  Stalker x4  
  85  13:01  Stalker x3  
  85  13:05  Stalker x3  
  69  13:22  Probe  
  62  13:34  Stalker, Probe (Chrono Boost)  
  65  13:45  Probe (Chrono Boost)  
  64  13:56  Probe (Chrono Boost)  
  65  14:06  Probe (Chrono Boost)  
  66  14:18  Nexus  
  66  14:21  Pylon  
  66  14:23  Probe (Chrono Boost)  
  67  14:34  Probe (Chrono Boost)  
  68  14:44  Probe (Chrono Boost)  
  69  14:46  Probe (Chrono Boost)  
  70  14:55  Probe (Chrono Boost)  
  70  14:57  Probe (Chrono Boost)  
  72  15:05  Probe (Chrono Boost)  
  73  15:07  Probe (Chrono Boost)  
  73  15:12  Stalker x6  
  86  15:17  Disruptor  
  89  15:24  Robotics Facility  
  89  15:39  Stalker x3  
  95  15:53  Disruptor  
  98  16:02  Forge  
  98  16:04  Forge  
  98  16:06  Forge  
  96  17:07  Stalker x7  
  110  17:20  Disruptor (Chrono Boost)  
  110  17:21  Disruptor (Chrono Boost)  
  116  17:34  Probe  
  116  17:35  Probe x2  
  119  17:44  Probe  
  119  17:47  Probe  
  121  17:57  Stalker x2  
  125  18:01  Pylon  
  125  18:02  Pylon x3  
  125  18:03  Pylon  
  123  18:14  Disruptor (Chrono Boost)  
  123  18:19  Disruptor (Chrono Boost)  
  119  18:45  Disruptor (Chrono Boost)  
  112  18:50  Disruptor (Chrono Boost)  
  111  19:16  Observer (Chrono Boost)  
  112  19:21  Observer (Chrono Boost)  
  112  19:23  Stalker x3  
  112  19:24  Stalker x4  
  113  19:33  Probe  
  113  19:35  Immortal (Chrono Boost)  
  118  19:40  Immortal (Chrono Boost)  
  118  19:43  Probe  
  123  19:54  Probe  
Tags
 
Add a new tag
Caveats
  • Supply blocks, unpowered buildings, or Contaminate may cause inaccurate times.
  • Supply counts are checked every 10 seconds.